PBL
VICTORIA CAPITALS @ ROSWELL INVADERS
08/11/2046
 
TOP OF THE 1ST
Victoria Capitals batting - Pitching for Roswell Invaders : RHP Joe Mulholland
Pitching: RHP Joe Mulholland
Batting: SHB Raghnall Ahearne 0-0: Fly out, F9 (Flyball, 9LS, EV 86.9 MPH)
Batting: RHB Chris Skaff 0-0: Ball
1-0: Called Strike
1-1: Foul Ball, location: 2F
1-2: Ball
2-2: Strikes out swinging
Batting: LHB Jason Kinney 0-0: Ball
1-0: Ground out 4-3 (Groundball, 4, EV 85.6 MPH)
Top of the 1st over - 0 runs, 0 hits, 0 errors, 0 left on base; Victoria 0 - Roswell 0
BOTTOM OF THE 1ST
Roswell Invaders batting - Pitching for Victoria Capitals : RHP Devon Washington
Pitching: RHP Devon Washington
Batting: RHB Hector Tabares 0-0: Ball
1-0: Foul Ball, location: 2F
1-1: Ball
2-1: Fly out, F4 (Popup, 4, EV 63.8 MPH)
Batting: RHB Chris Jones 0-0: Ball
1-0: Ground out 6-3 (Groundball, 6, EV 92.5 MPH)
Batting: LHB Nelson Pelico 0-0: Ball
1-0: Ball
2-0: Foul Ball, location: 2F
2-1: Ball
3-1: Foul Ball, location: 2F
3-2: Foul Ball, location: 2F
3-2: DOUBLE (Flyball, 7LD, EV 105.6 MPH)
Batting: RHB Cesar Rendon 0-0: Ball
1-0: Swinging Strike
1-1: Swinging Strike
1-2: Foul Ball, location: 2F
1-2: Foul Ball, location: 2F
1-2: Foul Ball, location: 2F
1-2: Ball
2-2: Ball
3-2: SINGLE (Flyball, 6MD, EV 91.2 MPH)
Nelson Pelico to third
Runner from 3rd tries for Home, SAFE, throw by CF to home
Batting: RHB Jimmy McIntosh 0-0: Called Strike
0-1: Foul Ball, location: 2F
0-2: Ball
1-2: Foul Ball, location: 2F
1-2: Ball
2-2: Ball
3-2: Strikes out looking
Bottom of the 1st over - 1 run, 2 hits, 0 errors, 1 left on base; Victoria 0 - Roswell 1
TOP OF THE 2ND
Victoria Capitals batting - Pitching for Roswell Invaders : RHP Joe Mulholland
Batting: LHB Ryan Daniels 0-0: Ball
1-0: Ball
2-0: Foul Ball, location: 2F
2-1: Ball
3-1: Base on Balls
Batting: LHB William Gonzales 0-0: Ball
1-0: Ball
2-0: Ball
3-0: Called Strike
3-1: Foul Ball, location: 2F
3-2: Strikes out looking
Ryan Daniels is caught stealing 2nd base 2-6
Batter strikes out.
Batting: RHB Ricky Ramirez 0-0: Ball
1-0: Foul Ball, location: 2F
1-1: Ball
2-1: Called Strike
2-2: Reached on error, E6 (Groundball, 6, EV 93.1 MPH)
Batting: RHB Eddie Luna 0-0: Called Strike
0-1: Ball
1-1: Called Strike
1-2: Strikes out swinging
Top of the 2nd over - 0 runs, 0 hits, 1 error, 1 left on base; Victoria 0 - Roswell 1
BOTTOM OF THE 2ND
Roswell Invaders batting - Pitching for Victoria Capitals : RHP Devon Washington
Batting: LHB Falco van Koeveringe 0-0: Swinging Strike
0-1: Ball
1-1: Ball
2-1: Fly out, F7 (Flyball, 78S, EV 85.6 MPH)
Batting: RHB John Ricketts 0-0: Foul Ball, location: 2F
0-1: Ball
1-1: Foul Ball, location: 2F
1-2: SINGLE (Line Drive, 56D, EV 96.9 MPH)
Batting: LHB Angelo Lira 0-0: Ball
1-0: Ball
2-0: Foul Ball, location: 2F
2-1: Foul Ball, location: 2F
2-2: Strikes out swinging
Batting: RHB Jose Cuellar 0-0: Called Strike
0-1: Ball
1-1: Ball
2-1: SINGLE (Groundball, 56D, EV 98.1 MPH)
John Ricketts to second
Batting: RHB Hector Tabares 0-0: Called Strike
0-1: Swinging Strike
0-2: Strikes out swinging
Bottom of the 2nd over - 0 runs, 2 hits, 0 errors, 2 left on base; Victoria 0 - Roswell 1
TOP OF THE 3RD
Victoria Capitals batting - Pitching for Roswell Invaders : RHP Joe Mulholland
Batting: RHB Ziven Badersky 0-0: Called Strike
0-1: Swinging Strike
0-2: Ball
1-2: Strikes out swinging
Batting: RHB Joaquin Salazar 0-0: Foul Ball, location: 2F
0-1: SINGLE (Line Drive, 4MD, EV 100.0 MPH)
Batting: SHB Raghnall Ahearne 0-0: Ball
Joaquin Salazar steals 2nd base (no throw)
1-0: Ball
2-0: Ball
3-0: Called Strike
3-1: Called Strike
3-2: Base on Balls
Batting: RHB Chris Skaff 0-0: Called Strike
0-1: Fly out, F9 (Flyball, 9, EV 90.0 MPH)
Batting: LHB Jason Kinney 0-0: Swinging Strike
0-1: Swinging Strike
0-2: Strikes out looking
Top of the 3rd over - 0 runs, 1 hit, 0 errors, 2 left on base; Victoria 0 - Roswell 1
BOTTOM OF THE 3RD
Roswell Invaders batting - Pitching for Victoria Capitals : RHP Devon Washington
Batting: RHB Chris Jones 0-0: Called Strike
0-1: Ball
1-1: Ball
2-1: Foul Ball, location: 2F
2-2: Strikes out swinging
Batting: LHB Nelson Pelico 0-0: Ball
1-0: Called Strike
1-1: Foul Ball, location: 2F
1-2: Ball
2-2: Foul Ball, location: 2F
2-2: Ball
3-2: Foul Ball, location: 2F
3-2: Base on Balls
Batting: RHB Cesar Rendon 0-0: Called Strike
0-1: Called Strike
0-2: Ball
1-2: Strikes out swinging
Batting: RHB Jimmy McIntosh 0-0: Ball
1-0: Ball
2-0: SINGLE (Line Drive, 7S, EV 101.9 MPH)
Nelson Pelico to second
Batting: LHB Falco van Koeveringe 0-0: Ball
1-0: Swinging Strike
1-1: Ball
2-1: Foul Ball, location: 2F
2-2: Foul Ball, location: 2F
2-2: Ball
3-2: Foul Ball, location: 2F
3-2: DOUBLE (Line Drive, 78M, EV 87.5 MPH)
Nelson Pelico scores
Jimmy McIntosh to third
Jimmy McIntosh scores
Batting: RHB John Ricketts 0-0: SINGLE (Groundball, 34S, EV 73.1 MPH) (infield hit)
Falco van Koeveringe to third
Batting: LHB Angelo Lira 0-0: Called Strike
0-1: Swinging Strike
0-2: Foul Ball, location: 2F
0-2: Ball
1-2: Strikes out looking
Bottom of the 3rd over - 2 runs, 3 hits, 0 errors, 2 left on base; Victoria 0 - Roswell 3
TOP OF THE 4TH
Victoria Capitals batting - Pitching for Roswell Invaders : RHP Joe Mulholland
Batting: LHB Ryan Daniels 0-0: Called Strike
0-1: Foul Ball, location: 2F
0-2: Strikes out swinging
Batting: LHB William Gonzales 0-0: Called Strike
0-1: Ball
1-1: Called Strike
1-2: Strikes out swinging
Batting: RHB Ricky Ramirez 0-0: Fly out, F8 (Line Drive, 78M, EV 92.5 MPH)
Top of the 4th over - 0 runs, 0 hits, 0 errors, 0 left on base; Victoria 0 - Roswell 3
BOTTOM OF THE 4TH
Roswell Invaders batting - Pitching for Victoria Capitals : RHP Devon Washington
Batting: RHB Jose Cuellar 0-0: Called Strike
0-1: Foul Ball, location: 2F
0-2: Ball
1-2: Foul Ball, location: 2F
1-2: Ball
2-2: Fly out, F8 (Flyball, 78S, EV 81.2 MPH)
Batting: RHB Hector Tabares 0-0: Called Strike
0-1: Foul Ball, location: 2F
0-2: Foul Ball, location: 2F
0-2: Ball
1-2: Foul Ball, location: 2F
1-2: Foul Ball, location: 2F
1-2: SINGLE (Groundball, 56D, EV 106.9 MPH)
Batting: RHB Chris Jones 0-0: Ball
1-0: Foul Ball, location: 2F
1-1: Ball
2-1: Grounds into double play, 6-4-3 (Groundball, 6S, EV 91.2 MPH)
Bottom of the 4th over - 0 runs, 1 hit, 0 errors, 0 left on base; Victoria 0 - Roswell 3
TOP OF THE 5TH
Victoria Capitals batting - Pitching for Roswell Invaders : RHP Joe Mulholland
Batting: RHB Eddie Luna 0-0: Foul Ball, location: 2F
0-1: Ball
1-1: Called Strike
1-2: Strikes out swinging
Batting: RHB Ziven Badersky 0-0: Ball
1-0: Called Strike
1-1: SINGLE (Line Drive, 3D, EV 100.0 MPH)
Batting: RHB Joaquin Salazar 0-0: Called Strike
0-1: Foul Ball, location: 2F
0-2: SINGLE (Groundball, 13, EV 83.1 MPH) (infield hit)
Ziven Badersky to second
Batting: SHB Raghnall Ahearne 0-0: Fielders Choice at 2nd, 1-6 (Groundball, 13S, EV 60.6 MPH)
Ziven Badersky to third
Batting: RHB Chris Skaff 0-0: Ball
1-0: Ball
2-0: Called Strike
2-1: Ball
3-1: Base on Balls
Raghnall Ahearne to second
Batting: LHB Jason Kinney 0-0: Ball
1-0: Foul Ball, location: 2F
1-1: Foul Ball, location: 2F
1-2: Ball
2-2: Foul Ball, location: 2F
2-2: SINGLE (Line Drive, 6MD, EV 98.8 MPH)
Ziven Badersky scores
Raghnall Ahearne to third
Chris Skaff to second
Runner from 3rd tries for Home, SAFE, throw by CF to home
Batting: LHB Ryan Daniels 0-0: Foul Ball, location: 2F
0-1: Foul Ball, location: 2F
0-2: Strikes out swinging
Top of the 5th over - 2 runs, 3 hits, 0 errors, 2 left on base; Victoria 2 - Roswell 3
BOTTOM OF THE 5TH
Roswell Invaders batting - Pitching for Victoria Capitals : RHP Devon Washington
Pitching: RHP Mario Mata
Batting: LHB Nelson Pelico 0-0: Ball
1-0: Foul Ball, location: 2F
1-1: Swinging Strike
1-2: Foul Ball, location: 2F
1-2: Ball
2-2: SINGLE (Groundball, 34D, EV 108.1 MPH)
Batting: RHB Cesar Rendon 0-0: Ball
1-0: Ball
2-0: Ground out 4-3 (Groundball, 34S, EV 95.0 MPH)
Nelson Pelico to second
Batting: RHB Jimmy McIntosh 0-0: Foul Ball, location: 2F
0-1: Ball
1-1: Foul Ball, location: 2F
1-2: Ball
2-2: Foul Ball, location: 2F
2-2: Foul Ball, location: 2F
2-2: Foul Ball, location: 2F
2-2: Ground out 6-3 (Groundball, 6D, EV 98.1 MPH)
Batting: LHB Falco van Koeveringe 0-0: Ball
1-0: Foul Ball, location: 2F
1-1: Fly out, F7 (Line Drive, 7, EV 89.4 MPH)
Bottom of the 5th over - 0 runs, 1 hit, 0 errors, 1 left on base; Victoria 2 - Roswell 3
TOP OF THE 6TH
Victoria Capitals batting - Pitching for Roswell Invaders : RHP Joe Mulholland
Batting: LHB William Gonzales 0-0: TRIPLE (Flyball, 78XD, EV 105.6 MPH)
Batting: RHB Ricky Ramirez 0-0: Foul Ball, location: 2F
0-1: Foul Ball, location: 2F
0-2: Foul Ball, location: 2F
0-2: Foul Ball, location: 2F
0-2: Ball
1-2: Foul Ball, location: 2F
1-2: Foul Ball, location: 2F
1-2: Strikes out looking
Batting: RHB Eddie Luna 0-0: Called Strike
0-1: SINGLE (Flyball, 4MD, EV 101.2 MPH)
William Gonzales scores
Batting: RHB Ziven Badersky 0-0: Ball
Eddie Luna is caught stealing 2nd base 2-4
1-0: Fly out, F8 (Flyball, 8LD, EV 100.6 MPH)
Top of the 6th over - 1 run, 2 hits, 0 errors, 0 left on base; Victoria 3 - Roswell 3
BOTTOM OF THE 6TH
Roswell Invaders batting - Pitching for Victoria Capitals : RHP Mario Mata
Batting: RHB John Ricketts 0-0: Ball
1-0: Foul Ball, location: 2F
1-1: Ground out 6-3 (Groundball, 56D, EV 81.9 MPH)
Batting: LHB Angelo Lira 0-0: Ball
1-0: Ball
2-0: Foul Ball, location: 2F
2-1: Ground out 2-3 (Groundball, 2R, EV 70.0 MPH)
Batting: RHB Jose Cuellar 0-0: Ball
1-0: Ball
2-0: Called Strike
2-1: Ball
3-1: Called Strike
3-2: Base on Balls
Pitching: RHP Ruben Mendoza
Batting: RHB Hector Tabares 0-0: Foul Ball, location: 2F
0-1: Foul Ball, location: 2F
0-2: Ball
1-2: Strikes out looking
Bottom of the 6th over - 0 runs, 0 hits, 0 errors, 1 left on base; Victoria 3 - Roswell 3
TOP OF THE 7TH
Victoria Capitals batting - Pitching for Roswell Invaders : RHP Joe Mulholland
Batting: RHB Joaquin Salazar 0-0: Ball
1-0: Ball
2-0: Swinging Strike
2-1: Foul Ball, location: 2F
2-2: Foul Ball, location: 2F
2-2: Ground out 4-3 (Groundball, 4, EV 82.5 MPH)
Pitching: LHP Sam Davis
Batting: SHB Raghnall Ahearne 0-0: Foul Ball, location: 2F
0-1: Swinging Strike
0-2: Ball
1-2: Strikes out looking
Batting: RHB Chris Skaff 0-0: Foul Ball, location: 2F
0-1: Ball
1-1: Foul Ball, location: 2F
1-2: Ball
2-2: Fly out, F8 (Flyball, 8RXD, EV 93.8 MPH)
Top of the 7th over - 0 runs, 0 hits, 0 errors, 0 left on base; Victoria 3 - Roswell 3
BOTTOM OF THE 7TH
Roswell Invaders batting - Pitching for Victoria Capitals : RHP Ruben Mendoza
Batting: RHB Chris Jones 0-0: Fly out, F7 (Flyball, 7D, EV 85.0 MPH)
Batting: LHB Nelson Pelico 0-0: Foul Ball, location: 2F
0-1: Ball
1-1: Ground out 4-3 (Groundball, 4, EV 86.9 MPH)
Now at 2B: Jung-wan Aan
Batting: RHB Cesar Rendon 0-0: Ball
1-0: Foul Ball, location: 2F
1-1: Swinging Strike
1-2: Strikes out looking
Bottom of the 7th over - 0 runs, 0 hits, 0 errors, 0 left on base; Victoria 3 - Roswell 3
TOP OF THE 8TH
Victoria Capitals batting - Pitching for Roswell Invaders : LHP Sam Davis
Batting: LHB Jason Kinney 0-0: Fly out, F8 (Flyball, 78D, EV 73.8 MPH)
Batting: LHB Ryan Daniels 0-0: Ball
1-0: Ball
2-0: Ball
3-0: Called Strike
3-1: Called Strike
3-2: Foul Ball, location: 2F
3-2: Foul Ball, location: 2F
3-2: Base on Balls
Pinch Hitting: RHB Jose Zuniga 0-0: Fly out, F4 (Flyball, 4MD, EV 93.1 MPH)
Batting: RHB Ricky Ramirez 0-0: Swinging Strike
0-1: Called Strike
0-2: Strikes out swinging
Top of the 8th over - 0 runs, 0 hits, 0 errors, 1 left on base; Victoria 3 - Roswell 3
BOTTOM OF THE 8TH
Roswell Invaders batting - Pitching for Victoria Capitals : RHP Ruben Mendoza
Now at 1B: Victor Ramirez
Batting: RHB Jimmy McIntosh 0-0: Ball
1-0: Ball
2-0: Ball
3-0: Base on Balls
Batting: LHB Falco van Koeveringe 0-0: Ball
1-0: Fielders Choice at 2nd, 5-4 (Groundball, 56, EV 83.1 MPH)
Pinch Hitting: LHB Danny Salas 0-0: Ball
1-0: Called Strike
1-1: Ball
2-1: Foul Ball, location: 2F
2-2: Foul Ball, location: 2F
2-2: Ball
3-2: Strikes out swinging
Pinch Hitting: RHB David Powell 0-0: Called Strike
0-1: Foul Ball, location: 2F
0-2: Strikes out swinging
Bottom of the 8th over - 0 runs, 0 hits, 0 errors, 1 left on base; Victoria 3 - Roswell 3
TOP OF THE 9TH
Victoria Capitals batting - Pitching for Roswell Invaders : LHP Sam Davis
Now at 1B: Isaiah Hampton
Now at 2B: Carlos Gonzalez
Batting: RHB Eddie Luna 0-0: Ball
1-0: Swinging Strike
1-1: Ball
2-1: Fly out, F7 (Line Drive, 7LS, EV 101.9 MPH)
Batting: RHB Jung-wan Aan 0-0: Called Strike
0-1: Swinging Strike
0-2: Strikes out swinging
Batting: RHB Joaquin Salazar 0-0: Ball
1-0: Swinging Strike
1-1: Called Strike
1-2: Strikes out swinging
Top of the 9th over - 0 runs, 0 hits, 0 errors, 0 left on base; Victoria 3 - Roswell 3
BOTTOM OF THE 9TH
Roswell Invaders batting - Pitching for Victoria Capitals : RHP Ruben Mendoza
Batting: RHB Jose Cuellar 0-0: Ball
1-0: Foul Ball, location: 2F
1-1: Ball
2-1: Foul Ball, location: 2F
2-2: Ground out 4-3 (Groundball, 4, EV 83.1 MPH)
Pitching: RHP Frank Kats
Batting: RHB Hector Tabares 0-0: Foul Ball, location: 2F
0-1: Ball
1-1: Foul Ball, location: 2F
1-2: Ball
2-2: Strikes out swinging
Batting: RHB Chris Jones 0-0: Ball
1-0: DOUBLE (Flyball, 8LD, EV 106.2 MPH)
Batting: LHB Nelson Pelico 0-0: Intentional Walk
Batting: RHB Cesar Rendon 0-0: Fly out, F9 (Flyball, 89D, EV 93.8 MPH)
Bottom of the 9th over - 0 runs, 1 hit, 0 errors, 2 left on base; Victoria 3 - Roswell 3
TOP OF THE 10TH
Victoria Capitals batting - Pitching for Roswell Invaders : LHP Sam Davis
Batting: SHB Raghnall Ahearne 0-0: Ball
1-0: Foul Ball, location: 2F
1-1: Ball
2-1: Swinging Strike
2-2: Strikes out looking
Batting: RHB Chris Skaff 0-0: Foul Ball, location: 2F
0-1: Foul Ball, location: 2F
0-2: Strikes out swinging
Batting: LHB Jason Kinney 0-0: Ball
1-0: Called Strike
1-1: DOUBLE (Flyball, 8LXD, EV 100.0 MPH)
Batting: LHB Ryan Daniels 0-0: 2-RUN HOME RUN (Flyball, 7LD, EV 95.0 MPH), Distance : 350 ft
Batting: RHB Victor Ramirez 0-0: Called Strike
0-1: Foul Ball, location: 2F
0-2: Ball
1-2: SINGLE (Groundball, 56D, EV 101.9 MPH)
Batting: RHB Ricky Ramirez 0-0: Foul Ball, location: 2F
0-1: Fly out, F4 (Popup, 4, EV 53.1 MPH)
Top of the 10th over - 2 runs, 3 hits, 0 errors, 1 left on base; Victoria 5 - Roswell 3
BOTTOM OF THE 10TH
Roswell Invaders batting - Pitching for Victoria Capitals : RHP Frank Kats
Pitching: RHP Luis Pantoja
Batting: RHB Jimmy McIntosh 0-0: Swinging Strike
0-1: Ball
1-1: Ball
2-1: Ground out 6-3 (Groundball, 6, EV 103.8 MPH)
Batting: LHB Falco van Koeveringe 0-0: Reached on error, E4 (Groundball, 34D, EV 108.8 MPH)
Batting: RHB Isaiah Hampton 0-0: TRIPLE (Flyball, 89XD, EV 103.8 MPH)
Falco van Koeveringe scores
Batting: RHB Carlos Gonzalez 0-0: Fly out, F8 (Flyball, 8RD, EV 101.9 MPH)
Runner from 3rd tags up, SCORES, throw by CF
Batting: RHB Jose Cuellar 0-0: Swinging Strike
0-1: Foul Ball, location: 2F
0-2: Strikes out swinging
Bottom of the 10th over - 2 runs, 1 hit, 1 error, 0 left on base; Victoria 5 - Roswell 5
TOP OF THE 11TH
Victoria Capitals batting - Pitching for Roswell Invaders : LHP Sam Davis
Pitching: LHP Bobby Manning
Batting: RHB Eddie Luna 0-0: Foul Ball, location: 2F
0-1: Ball
1-1: Ball
2-1: DOUBLE (Flyball, 8RXD, EV 90.0 MPH)
Batting: RHB Jung-wan Aan 0-0: Intentional Walk
Batting: RHB Joaquin Salazar 0-0: Bunted foul
0-1: Sac Bunt to 13 - play at first, batter OUT! 1-4
Eddie Luna to third
Jung-wan Aan to second
Batting: SHB Raghnall Ahearne 0-0: Foul Ball, location: 2F
0-1: Swinging Strike
0-2: Ball
1-2: Strikes out swinging
Batting: RHB Chris Skaff 0-0: Intentional Walk
Batting: LHB Jason Kinney 0-0: Ball
1-0: Ball
2-0: Ball
3-0: Called Strike
3-1: Foul Ball, location: 2F
3-2: Strikes out swinging
Top of the 11th over - 0 runs, 1 hit, 0 errors, 3 left on base; Victoria 5 - Roswell 5
BOTTOM OF THE 11TH
Roswell Invaders batting - Pitching for Victoria Capitals : RHP Luis Pantoja
Batting: RHB Hector Tabares 0-0: Ball
1-0: Ball
2-0: Called Strike
2-1: Fly out, F4 (Popup, 4M, EV 58.1 MPH)
Batting: RHB Chris Jones 0-0: Ball
1-0: Ball
2-0: Foul Ball, location: 2F
2-1: Foul Ball, location: 2F
2-2: Foul Ball, location: 2F
2-2: Strikes out swinging
Batting: LHB Nelson Pelico 0-0: Ball
1-0: Ball
2-0: Called Strike
2-1: Called Strike
2-2: SOLO HOME RUN (Flyball, 9D, EV 98.8 MPH), Distance : 392 ft
Bottom of the 11th over - 1 run, 1 hit, 0 errors, 0 left on base; Victoria 5 - Roswell 6
Tuesday, September 13th , 2022 - OOTP Baseball 23.7 Build 88